 Dungeon Crawl Stone Soup version 0.27-a0-972-gd1521fd (webtiles) character file.

Game seed: 18368006003563427253

2 Nithhogg the Skirmisher (level 1, -5/18 HPs)
             Began as a Demonspawn Fighter on Apr 13, 2021.
             Killed by an exploding goblin (21 damage)
             ... ignited by their inner flame
             ... on level 1 of the Dungeon.
             The game lasted 00:00:24 (194 turns).

Nithhogg the Skirmisher (Demonspawn Fighter)         Turns: 194, Time: 00:00:25

Health: -5/18      AC:  6    Str: 16    XL:     1   Next: 33%
Magic:  1/1        EV:  6    Int:  9    God:
Gold:   22         SH:  8    Dex: 12    Spells: 0/0 levels left

rFire    . . .     SeeInvis .   a - +0 war axe
rCold    . . .     Faith    .   c - +0 kite shield
rNeg     . . .     Spirit   .   b - +0 scale mail
rPois    .         Reflect  .   (no helmet)
rElec    .         Harm     .   (no cloak)
rCorr    .         Rampage  .   (no gloves)
Will     .....                  (no boots)
Stlth    ..........             (no amulet)
HPRegen  0.06/turn              (no ring)
MPRegen  0.07/turn              (no ring)

@: no status effects
A: no striking features
a: no special abilities


You were on level 1 of the Dungeon.
You visited 1 branch of the dungeon, and saw 1 of its levels.

You collected 22 gold pieces.

Inventory:

Hand Weapons
 a - a +0 war axe (weapon)
Armour
 b - a +0 scale mail (worn)
 c - a +0 kite shield (worn)
Potions
 d - a potion of might


   Skills:
 + Level 3.0 Fighting
 + Level 1.8 Axes
 + Level 2.7 Armour
 + Level 0.1 Dodging
 - Level 2.6 Shields
 + Level 0.2 Invocations


You couldn't memorise any spells.
You didn't know any spells.
Your spell library was empty.

Dungeon Overview and Level Annotations

Branches:
Dungeon (1/15)

Altars:


Message History

Found a stone staircase leading down.
A rat comes into view.
A rat is nearby!
The rat bites you.
You hit the rat.
The rat is heavily wounded.
You block the rat's attack. The rat bites you but does no damage.
You slash the rat!
You kill the rat!
No target in view!
No target in view!
No target in view!
No target in view!
No target in view!
HP restored.
f - a scroll labelled SERATYA YLOS
Found an escape hatch in the floor.
A goblin comes into view. It is wielding a +0 club.
The goblin shouts!
As you read the scroll labelled DYIMAPH WIQUDDU, it crumbles to dust.
The creatures around you are filled with an inner flame!
It was a scroll of immolation.
As you read the scroll labelled SERATYA YLOS, it crumbles to dust.
Wisps of shadow whirl around you...
It was a scroll of summoning.
A goblin is nearby!
You swap places.
Found a short sword.
Your shield and scale mail prevent you from hitting the goblin.
Your dart slug closely misses the goblin.
The goblin hits you with a +0 club.
You barely miss the goblin. You block the goblin's attack.
Your dart slug barely misses the goblin.
Your goblin misses the goblin. Your kobold misses the goblin.
The goblin hits you but does no damage.
Your dart slug bites the goblin.
Flame seeps out of the goblin.
You slash the goblin!
The goblin explodes!
The fiery explosion engulfs you!!
Ouch! That really hurt!
You die...

...........##########
#####>..............
#.#†############
#.#.# ####.#.#
#....#.. #....###
+....# #.@wK# #.g°§#
##§.§# ......
........ ..>......#
.........+
#)........#


You could see a friendly dart slug (summoned), a friendly goblin (summoned) and
a friendly kobold (summoned).

Vanquished Creatures
  A goblin (D:1)
  A quokka (D:1)
  A bat (D:1)
  A rat (D:1)
4 creatures vanquished.

Vanquished Creatures (others)
  A fungus (D:1)
  4 plants (D:1)
5 creatures vanquished.

Grand Total: 9 creatures vanquished

Notes
Turn   | Place    | Note
-------+----------+-------------------------------------------
     0 | D:1      | Nithhogg the Demonspawn Fighter began the quest for the
                  | Orb.
     0 | D:1      | Reached XP level 1. HP: 18/18 MP: 1/1
   102 | D:1      | Found a faded altar of an unknown god.
   194 | D:1      | Killed by an exploding goblin... ignited by their inner
                  | flame

Illustrated notes

Levels and vault maps discovered:
D:1:      grunt_arrival_crossed_arrows, layout_basic,
          shapermc_ecumenical_altar_mp_ritualfount

Action                   || total
-------------------------++-------
Melee: War axe           ||    11
  Use: Scroll            ||     2
Armor: Scale mail        ||     6
Dodge: Dodged            ||     1
Block: Kite shield       ||     6

Table legend: (Time is in decaauts)
 A = Elapsed time spent in this place.
 B = Non-inter-level travel time spent in this place.
 C = Inter-level travel time spent in this place.
 D = Time resting spent in this place.
 E = Time spent auto-exploring this place.
 F = Levels seen in this place.
 G = Mean time per level.
                   A        B        C        D        E       F      G
               +--------+--------+--------+--------+--------+-----+--------+
         Total |    200 |    200 |      0 |      0 |    171 |   1 |  200.0 |
       Dungeon |    200 |    200 |      0 |      0 |    171 |   1 |  200.0 |
               +--------+--------+--------+--------+--------+-----+--------+

Top non-repeatable levels by time:
     D:1: 200 daAuts
